 Dungeon Crawl Stone Soup version 0.28.0-53-g5a82cb258f (webtiles) character file.

Game seed: 13178797681791807416

2632 LustLizard the Cleaver (level 9, -1/118 HPs)
             Began as a Minotaur Berserker on July 27, 2022.
             Was a Priest of Trog.
             Succumbed to a killer bee's poison
             ... on level 7 of the Dungeon.
             The game lasted 00:09:33 (6852 turns).

LustLizard the Cleaver (Minotaur Berserker)         Turns: 6852, Time: 00:09:34

Health: -1/118     AC: 10    Str: 24    XL:     9   Next: 35%
Magic:  8/8        EV: 11    Int:  6    God:    Trog [***...]
Gold:   313        SH:  0    Dex: 12    Spells: 8/8 levels left

rFire   . . .      SeeInvis .   q - +5 trident of Wacwyhim {vorpal, rCorr}
rCold   . . .      Faith    .   (no shield)
rNeg    + . .      Spirit   .   i - +4 ring mail of Gazao {rCorr Dex+2 Stlth+}
rPois   .          Reflect  .   (helmet restricted)
rElec   .          Harm     .   p - +0 cloak
rCorr   +          Rampage  .   (no gloves)
Will    +....                   (no boots)
Stlth   ..........              (no amulet)
HPRegen 0.29/turn               j - ring of willpower
MPRegen 0.11/turn               u - ring of positive energy

@: berserking (expiring), lethally poisoned (-1 -> -12), very quick
A: horns 2, retaliatory headbutt
a: Renounce Religion, Berserk, Trog's Hand


You were on level 7 of the Dungeon.
You worshipped Trog.
Trog was most pleased with you.
You visited 1 branch of the dungeon, and saw 7 of its levels.

You collected 339 gold pieces.
You spent 26 gold pieces at shops.

Inventory:

Hand Weapons
 a - a +0 hand axe
 q - the +5 trident of Wacwyhim (weapon) {vorpal, rCorr}
   (You found it on level 3 of the Dungeon)

   It inflicts extra damage upon your enemies.
   rCorr:     It protects you from acid and corrosion.
Missiles
 c - 366 stones (quivered)
 x - 9 poisoned darts
 C - a boomerang
Armour
 b - a +0 animal skin
 i - the +4 ring mail of Gazao (worn) {rCorr Dex+2 Stlth+}
   (You found it on level 2 of the Dungeon)

   Dex:       It affects your dexterity (+2).
   rCorr:     It protects you from acid and corrosion.
   Stlth:     It makes you more stealthy.
 p - a +0 cloak (worn)
Jewellery
 j - a ring of willpower (left hand)
 u - a ring of positive energy (right hand)
 v - a ring of resist corrosion
 D - a +6 ring of strength
 E - a ring of magical power
Wands
 r - a wand of polymorph (10)
 z - a wand of paralysis (10)
Scrolls
 f - 2 scrolls of magic mapping {unknown}
 h - 3 scrolls of teleportation {unknown}
 l - 2 scrolls of enchant armour {unknown}
 w - a scroll of noise
 y - 2 scrolls of brand weapon {unknown}
 A - a scroll of silence
 B - 2 scrolls of blinking {unknown}
 F - a scroll of fear
Potions
 d - a potion of attraction
 e - 4 potions of lignification
 k - 3 potions of heal wounds
 m - a potion of flight
 n - a potion of cancellation
 o - 2 potions of ambrosia
 s - 4 potions of brilliance
 t - 3 potions of curing


   Skills:
 + Level 7.1 Fighting
 * Level 9.4 Axes
 * Level 7.1 Throwing
 - Level 2.4 Armour
 - Level 2.1 Dodging
 * Level 5.0 Evocations


You had 8 spell levels left.
You didn't know any spells.
Your spell library was empty.

Dungeon Overview and Level Annotations

Branches:
Dungeon (7/15)             Temple (0/1) D:7

Altars:
Dithmenos
Okawaru
Ru
Uskayaw

Shops:
D:7 **


Innate Abilities, Weirdness & Mutations

You have a pair of horns on your head.
You reflexively headbutt those who attack you in melee.


Message History

* * * LOW HITPOINT WARNING * * *
You feel sick. The killer bee misses you. The killer bee closely misses you.
The killer bee barely misses you.
You barely miss the killer bee.
* * * LOW HITPOINT WARNING * * *
You feel very sick. The killer bee barely misses you. x3
You miss the killer bee. Your headbutt misses the killer bee.
You feel sick.
The killer bee stings you but does no damage. x2
The killer bee closely misses you.
You puncture the killer bee! Your headbutt misses the killer bee.
The killer bee is almost dead.
* * * LOW HITPOINT WARNING * * *
You feel sick. The killer bee stings you.
* * * LOW HITPOINT WARNING * * *
You are lethally poisoned!
The killer bee poisons you!
The killer bee stings you but does no damage.
You puncture the killer bee!
You kill the killer bee!
Trog accepts your kill.
* * * LOW HITPOINT WARNING * * *
You feel sick. The killer bee barely misses you. You furiously retaliate!
You headbutt the killer bee!!
You kill the killer bee!
Trog accepts your kill.
Your Evocations skill increases to level 5!
* * * LOW HITPOINT WARNING * * *
You feel very sick.
A killer bee comes into view.
You see here a killer bee corpse.
You are too injured to fight recklessly!
You are too berserk!
You are too berserk!
There is a lethal amount of poison in your body!
You feel a strong urge to attack something.
* * * LOW HITPOINT WARNING * * *
You feel sick.
The killer bee buzzes angrily.
You hear an angry buzzing noise.
You die...

.##...##....#.... #...'####....
##.....##........ .#.÷.'# #..##
#.......#........ #.#...#####..##
#..._...#.....#####..............
#.......#.....# #.........####..#
##.....##.....# #.........<#....#
.##...##......###..........#.##.#
..##.##..........................
................@.....###.###.###
#.......#######.......# #.# #.#
#.......# #....††....y.##.###.###
#.......# #.#......#.............
........## #......#...##.###.###
##.......# #....#.#.#..#.# #....
###......# .......###.....###.###
###......###...#...#...#......#
+........# #... #.... #.....#.#


You could see a killer bee.

Vanquished Creatures
  Grinder (D:4)
  A shadow (D:5)
  2 water moccasins (D:7)
  A black bear (D:5)
  2 ice beasts
  A centaur (D:7)
  A necrophage (D:4)
  A phantom (D:5)
  A kobold brigand (D:6)
  3 bullfrogs
  A scorpion (D:5)
  A wyvern zombie (D:7)
  4 killer bees (D:7)
  5 howler monkeys
  A bullfrog zombie (D:5)
  2 hounds
  3 centaur zombies
  A jelly (D:7)
  Crazy Yiuf (D:2)
  An orc priest (D:2)
  2 centaur skeletons
  A bullfrog skeleton (D:3)
  Jessica (D:2)
  Ijyb (D:4)
  6 iguanas
  2 orc wizards (D:6)
  A killer bee zombie (D:6)
  A hound zombie (D:5)
  5 adders
  2 white imps
  3 ufetubi
  An adder skeleton (D:5)
  2 worms
  2 dart slugs
  16 orcs
  10 ball pythons
  8 bats
  6 endoplasms
  2 giant cockroaches
  9 goblins
  8 hobgoblins
  6 jackals (D:1)
  3 quokkas
  2 frilled lizards
  A jackal skeleton (D:4)
  15 kobolds
  5 rats
155 creatures vanquished.

Notes
Turn   | Place    | Note
-------+----------+-------------------------------------------
     0 | D:1      | LustLizard the Minotaur Berserker began the quest for the
                  | Orb.
     0 | D:1      | Reached XP level 1. HP: 19/19 MP: 0/0
   254 | D:1      | Reached XP level 2. HP: 27/27 MP: 1/1
   311 | D:1      | Reached skill level 4 in Axes
   311 | D:1      | Reached skill level 1 in Throwing
   977 | D:1      | Found a faded altar of an unknown god.
  1009 | D:1      | Reached XP level 3. HP: 32/33 MP: 2/2
  1699 | D:2      | Identified the +4 ring mail of Gazao {rCorr Dex+2 Stlth+}
  1737 | D:2      | Noticed Jessica
  1752 | D:2      | Killed Jessica
  1753 | D:2      | Reached XP level 4. HP: 17/40 MP: 3/3
  1966 | D:2      | Reached ** piety under Trog
  1967 | D:2      | Reached skill level 5 in Axes
  2390 | D:2      | Found a runed translucent door.
  2391 | D:2      | Noticed Crazy Yiuf
  2399 | D:2      | Killed Crazy Yiuf
  2400 | D:2      | Reached XP level 5. HP: 47/47 MP: 4/4
  2753 | D:3      | Identified the +5 trident of Wacwyhim {vorpal, rCorr}
  2884 | D:3      | Noticed an ice beast
  2892 | D:3      | Killed an ice beast
  2893 | D:3      | Reached XP level 6. HP: 36/55 MP: 5/5
  3130 | D:4      | Reached skill level 6 in Axes
  3139 | D:4      | Reached skill level 5 in Fighting
  3218 | D:4      | Noticed Ijyb
  3225 | D:4      | Killed Ijyb
  3481 | D:4      | Noticed Grinder
  3487 | D:4      | Killed Grinder
  3488 | D:4      | Reached skill level 1 in Evocations
  3488 | D:4      | Reached XP level 7. HP: 44/61 MP: 6/6
  4113 | D:4      | Reached skill level 7 in Axes
  4329 | D:5      | Entered Level 5 of the Dungeon
  4383 | D:5      | Reached *** piety under Trog
  4418 | D:5      | Reached skill level 5 in Throwing
  4597 | D:5      | Noticed a shadow
  4609 | D:5      | Reached XP level 8. HP: 34/70 MP: 7/7
  5071 | D:5      | Found a hide-covered altar of Uskayaw.
  5380 | D:5      | Found a shadowy altar of Dithmenos.
  5388 | D:5      | Reached skill level 8 in Axes
  6028 | D:6      | Found an iron altar of Okawaru.
  6577 | D:7      | Found a staircase to the Ecumenical Temple.
  6582 | D:7      | Reached XP level 9. HP: 78/78 MP: 8/8
  6667 | D:7      | Reached skill level 9 in Axes
  6683 | D:7      | Found Xorre's General Store.
  6704 | D:7      | Found Voto's Specific Store.
  6714 | D:7      | Bought a scroll of identify for 26 gold pieces
  6812 | D:7      | Found a sacrificial altar of Ru.
  6849 | D:7      | HP: 5/118 [poisoned by a killer bee]
  6850 | D:7      | Reached skill level 5 in Evocations
  6851 | D:7      | HP: 1/118 [poisoned by a killer bee]
  6852 | D:7      | Succumbed to a killer bee's poison

Illustrated notes

Levels and vault maps discovered:
D:1:      evilmike_arrival_rings, layout_basic, basic_ecumenical_altar
D:2:      layout_basic, minmay_tetromino_o2, uniq_crazy_yiuf_cottage,
          uniq_jessica
D:3:      layout_rooms
D:4:      layout_layer_cave, uniq_grinder, uniq_ijyb
D:5:      minmay_opposing_rooms, layout_basic, grunt_dithmenos_shadows,
          eat_drink_and_be_merry_uskayaw, st_stairs_12, grunt_ministairs_13
D:6:      layout_basic, mainiacjoe_overflow_chevrons, serial_curves,
          eino_curves_01, eino_curves_02, dk_noncrumbling_2
D:7:      layout_basic, lemuel_round_altar, minmay_temple_entry_arrows,
          nicolae_specific_store, nicolae_shop_dragon_depot

Skill      XL: |  1  2  3  4  5  6  7  8  9 |
---------------+----------------------------+-----
Axes           | 4 5 6 7 8 9 |  9.4
Throwing       | 1 2 3 4 5 6 7 |  7.1
Fighting       | 4 5 6 7 |  7.1
Evocations     | 1 2 4 5 |  5.0
Armour         | |  2.4
Dodging        | |  2.1

Action                   |  1- 3 |  4- 6 |  7- 9 || total
-------------------------+-------+-------+-------++-------
Melee: Hand axe          |    77 |    36 |       ||   113
       Headbutt          |     8 |    13 |    26 ||    47
       Punch             |     1 |     1 |     2 ||     4
       Trident           |       |    53 |   203 ||   256
Throw: Stone             |     6 |    21 |    16 ||    43
Invok: Berserk           |       |     1 |     1 ||     2
       Trog's Hand       |       |     1 |     1 ||     2
  Use: Scroll            |       |       |    10 ||    10
 Stab: Sleeping          |     1 |     7 |     6 ||    14
Armor: Animal skin       |    14 |       |       ||    14
       Ring mail         |    15 |    27 |    89 ||   131
Dodge: Dodged            |    59 |    36 |   105 ||   200
